AoeStats
← 烏雲中

Arena

509049724Analyzed
1v1 RM · 8d ago on Sep 25, 2026· 53m 2s· 2 players
Game mode
Random Map
Map size
Tiny (2 player)
Population
200
Speed
Normal
Resources
Standard
Victory
Conquest
Starting age
Dark Age
Ending age
Imperial Age
RankedLock teamsTeams togetherTeam positionsShared explorationLock speedFull tech treeHidden civsTurbo modeCheats
Victory
Defeat
🇨🇳 Portuguese · China
1177
+13
🇹🇼 Saxons · Taiwan
1115
-13
烏雲中
10:13 Feudal Age
14:07 Castle Age
12:03 Double-Bit Axe
12:01 Horse Collar
15:39 Loom
16:17 Bow Saw
23:02 Wheelbarrow
28:05 Imperial Age
26:00 Fletching
26:12 Padded Archer Armor
25:59 Crossbowman
27:34 Hand Cart
28:08 Squires
27:53 Arson
28:43 Ballistics
28:42 Bodkin Arrow
29:31 Conscription
29:35 Gold Mining
29:38 Arbalester
30:47 Heavy Plow
31:12 Thumb Ring
32:11 Bracer
32:28 Leather Archer Armor
32:13 Scale Mail Armor
33:35 Forging
33:03 Shield Wall
33:50 Elite Varangian Guard
37:02 Chemistry
35:43 Treadmill Crane
37:30 Capped Ram
39:51 Ring Archer Armor
39:37 Chain Mail Armor
39:57 Iron Casting
38:55 Siege Ram
42:01 Scale Barding Armor
43:07 Bloodlines
42:18 Light Cavalry
42:53 Hussar
44:36 Chain Barding Armor
52:09 Plate Mail Armor
52:59 Crop Rotation
53:36 Two-Man Saw
relax
11:26 Feudal Age
9:44 Loom
15:45 Castle Age
14:22 Gold Mining
14:23 Double-Bit Axe
23:14 Imperial Age
21:27 Stone Mining
22:25 Bow Saw
23:43 Stone Shaft Mining
25:38 Two-Man Saw
26:44 Chemistry
27:20 Ballistics
28:34 Pikeman
29:48 Scale Mail Armor
30:39 Bombard Tower
32:47 Fletching
32:34 Halberdier
34:06 Chain Mail Armor
37:36 Siege Engineers
38:25 Arquebus
40:12 Conscription
40:00 Bodkin Arrow
40:43 Bracer
41:12 Chain Mail Armor
43:06 Wheelbarrow
43:06 Murder Holes
43:07 Man-at-Arms
43:32 Gambesons
44:06 Long Swordsman
45:50 Elite Organ Gun
48:12 Two-Handed Swordsman
49:27 Plate Mail Armor
49:35 Champion
50:42 Forging
50:23 Arson
52:05 Murder Holes
52:21 Masonry
51:51 Treadmill Crane
Connection lost

Rejoining the realm…

Still unreachable

The connection could not be restored.

Session expired

The server has moved on; the page needs a fresh start.